 Dungeon Crawl Stone Soup version 0.19.1-1-g22dce08 (webtiles) character file.

419 floppycuck the Ruffian (level 6, 0/53 HPs)
             Began as a Troll Wizard on Dec 30, 2016.
             Was an Initiate of Okawaru.
             Slain by an orc priest
             ... wielding a +0 flail
              (8 damage)
             ... on level 4 of the Dungeon.
             The game lasted 00:04:41 (2981 turns).

floppycuck the Ruffian (Troll Wizard)               Turns: 2981, Time: 00:04:42

Health: 0/53       AC:  5    Str: 20    XL:     6   Next: 62%
Magic:  8/8        EV:  9    Int: 14    God:    Okawaru [......]
Gold:   218        SH:  0    Dex:  8    Spells: 1 memorised, 8 levels left

rFire  . . .     SeeInvis .       - Unarmed
rCold  . . .     Gourm    +     a - +0 robe
rNeg   . . .     Faith    .     (no shield)
rPois  .         Spirit   .     b - +0 hat
rElec  .         Reflect  .     (no cloak)
rCorr  .         Harm     .     (gloves unavailable)
MR     .....                    (boots unavailable)
Stlth  +.........               m - amulet of regeneration
                                (no ring)
                                r - +2 ring of strength

@: no status effects
A: unfitting armour, claws 3, fast metabolism 3, gourmand, regeneration 1,
shaggy fur 1, tough skin 2
a: Renounce Religion


You were on level 4 of the Dungeon.
You worshipped Okawaru.
Okawaru was noncommittal.
You were full.

You visited 2 branches of the dungeon, and saw 5 of its levels.
You also visited: Sewer.

You collected 218 gold pieces.

Inventory:

Missiles
 n - 3 large rocks (quivered)
Armour
 a - a +0 robe (worn)
 b - a +0 hat (worn)
 s - a +0 shield
Jewellery
 m - an amulet of regeneration (around neck)
 r - a +2 ring of strength (left claw)
Scrolls
 h - a scroll of recharging
 k - 5 scrolls of teleportation
 l - a scroll of enchant armour
 q - a scroll of remove curse
Potions
 g - a potion of might
 p - 2 potions of curing
 x - 4 potions of flight
Books
 c - a book of Minor Magic

   Spells                             Type                      Level
   a - Magic Dart                     Conjuration                  1
   b - Blink                          Translocation                2
   c - Call Imp                       Summoning                    2
   d - Repel Missiles                 Charms/Air                   2
   e - Slow                           Hexes                        2
   f - Conjure Flame                  Conjuration/Fire             3
   g - Mephitic Cloud                 Conjuration/Poison/Air       3
Comestibles
 d - 6 bread rations
 t - a beef jerky
 u - a meat ration


   Skills:
 - Level 1.5 Dodging
 - Level 1.0 Stealth
 * Level 6.8 Unarmed Combat
 - Level 2.0 Spellcasting
 - Level 0.6 Conjurations
   Level 0.6 Summonings
   Level 0.6 Translocations


You had 8 spell levels left.
You knew the following spells:

 Your Spells              Type           Power        Failure   Level  Hunger
a - Magic Dart            Conj           #...         21%         1    ##.....


Dungeon Overview and Level Annotations

Branches:
Dungeon (4/15)             Temple (1/1) D:4

Altars:
Ashenzari
Gozag
Okawaru
Ru
Uskayaw


Innate Abilities, Weirdness & Mutations

You are too large for most types of armour.
You have claws for hands.
Your metabolism is lightning-fast.
You like to eat raw meat.
Your natural rate of healing is unusually fast.
You are covered in fur. (AC +1)
You have very tough skin. (AC +2)


Message History

Items here: )) [ † a hand axe; a dagger; a robe; an orc corpse You scratch the orc.
The orc is lightly wounded.
The orc hits you with a whip of holy wrath.
* * * LOW HITPOINT WARNING * * *
You scratch the orc.
The orc is almost dead.
The orc priest looks braver for a moment.
You claw the orc!
You kill the orc!
Okawaru accepts your kill.
You closely miss the orc priest.
The orc priest calls down the wrath of Beogh upon you.
Beogh smites you!
* * * LOW HITPOINT WARNING * * *
You claw the orc priest!
The orc priest is severely wounded.
The orc priest hits you with a flail!
You die...

#......#........##.#
#.####.###.#....##.#
#.# #.# #.##...##.#
######.# #.#
#.###...#.# .......#
#.# #.##..#...#
######## #.#
#....###..# #.#
####..#..## #.#
#####...##
#>###)@....##
#...#o####.# ###.#.#
#.# #.#.# #.# #.#.#
#.# #.#.# #.# #.#.#
#.# #>#.# #.#
#.#.####.#


You could see an orc priest.

Vanquished Creatures
  A crimson imp (D:3)
  An orc wizard (D:4)
  Terence (D:2)
  A siren (Sewer)
  A merfolk avatar (Sewer)
  Robin (D:2)
  3 river rats
  12 adders
  An ooze (D:2)
  2 worms (D:2)
  3 dart slugs
  3 leopard geckos
  8 orcs
  7 bats
  6 giant cockroaches
  19 goblins
  3 hobgoblins
  5 jackals
  A quokka (D:3)
  5 ball pythons
  4 frilled lizards
  10 kobolds
  31 rats
129 creatures vanquished.

Notes
Turn   | Place    | Note
-------+----------+-------------------------------------------
     0 | D:1      | floppycuck the Troll Wizard began the quest for the Orb.
     0 | D:1      | Reached XP level 1. HP: 16/16 MP: 2/2
    14 | D:1      | Reached skill level 1 in Unarmed Combat
    75 | D:1      | Reached XP level 2. HP: 24/24 MP: 4/4
   122 | D:1      | Reached skill level 2 in Unarmed Combat
   687 | D:2      | Noticed Terence
   707 | D:2      | Killed Terence
   707 | D:2      | Reached skill level 3 in Unarmed Combat
   707 | D:2      | Reached XP level 3. HP: 12/31 MP: 5/5
   863 | D:2      | Reached XP level 4. HP: 37/39 MP: 6/6
   926 | D:2      | Noticed Robin
   939 | D:2      | Killed Robin
   942 | D:2      | Reached skill level 4 in Unarmed Combat
  1423 | D:2      | Reached XP level 5. HP: 45/45 MP: 7/7
  1813 | D:3      | Reached skill level 5 in Unarmed Combat
  2431 | D:4      | Found a glowing drain.
  2448 | Sewer    | Entered a sewer
  2535 | Sewer    | Reached XP level 6. HP: 37/53 MP: 8/8
  2544 | Sewer    | Reached skill level 6 in Unarmed Combat
  2890 | D:4      | Found a staircase to the Ecumenical Temple.
  2906 | Temple   | Entered the Ecumenical Temple
  2934 | Temple   | Became a worshipper of Warmaster Okawaru
  2981 | D:4      | Slain by an orc priest

Skill      XL: |  1  2  3  4  5  6 |
---------------+-------------------+-----
Unarmed Combat | 1 3 4 5 6 |  6.8
Dodging        | |  1.5
Stealth        | |  1.0
Spellcasting   | |  2.0
Conjurations   | |  0.6
Summonings     | |  0.6
Translocations | |  0.6

Action                   |  1- 3 |  4- 6 || total
-------------------------+-------+-------++-------
Melee: Unarmed           |   115 |   266 ||   381
       Punch             |     1 |     2 ||     3
  Use: Potion            |     4 |     3 ||     7
       Scroll            |       |     6 ||     6
 Stab: Sleeping          |     1 |     5 ||     6
  Eat: Chunk             |    13 |    18 ||    31
Armor: Robe              |    44 |   113 ||   157
Dodge: Dodged            |    53 |   122 ||   175
